 Dungeon Crawl Stone Soup version 0.29-a0-233-g1125b37a9b (webtiles) character file.

Game seed: 2544082707324552432

7654 croobank the Thaumaturge (level 11, 0/82 HPs)
             Began as a Gnoll Fire Elementalist on Mar 1, 2022.
             Was a Believer of Ashenzari.
             Slain by a deep elf pyromancer
             ... wielding a +0 long sword
              (3 damage)
             ... on level 9 of the Dungeon on Mar 2, 2022.
             The game lasted 00:55:03 (11978 turns).

croobank the Thaumaturge (Gnoll Fire Elementalist) Turns: 11978, Time: 00:55:04

Health: 0/82       AC:  8    Str: 13    XL:     11   Next: 18%
Magic:  6/23       EV: 15    Int: 16    God:    Ashenzari [**....]
Gold:   535        SH:  5    Dex: 14    Spells: 5/26 levels left

rFire   . . .      SeeInvis +   q - +0 war axe "Doubts of Ashenzari" {Range, Melee} (curse)
rCold   + . .      Faith    .   (no shield)
rNeg    . . .      Spirit   .   a - +1 leather armour "Jaosah" {rC+ Str+4}
rPois   .          Reflect  +   (no helmet)
rElec   .          Harm     .   (no cloak)
rCorr   .          Rampage  .   y - +2 pair of gloves "Enlightened Secrets" {infuse, Bglg, Evo} (curse)
Will    .....                   (no boots)
Stlth   +++.......              H - amulet "Share My Yoke" {Reflect SH+5, Alch, Range} (curse)
HPRegen 0.23/turn               G - ring of Ashenzari's Pragmatism {Wiz, Alch, Fort} (curse)
MPRegen 0.18/turn               (no ring)

@: no status effects
A: fangs 1, strong nose, distributed training
a: Renounce Religion, Shatter the Chains


You were on level 9 of the Dungeon.
You worshipped Ashenzari.
Ashenzari was pleased with you.
You visited 2 branches of the dungeon, and saw 10 of its levels.
You also visited: Sewer.

You collected 645 gold pieces.
You spent 110 gold pieces at shops.

Inventory:

Hand Weapons
 b - a +0 hunting sling
 c - a +0 battleaxe
 h - a +0 hand axe
 q - the cursed +0 war axe "Doubts of Ashenzari" (weapon) {Range, Melee}
   (You found it on level 2 of the Dungeon)

   It has a curse which improves the following skills: Ranged Combat: Slings,
   Bows, Crossbows and Throwing.
   Melee Combat: Short Blades, Long Blades, Axes, Maces & Flails, Polearms,
   Staves and Unarmed Combat.
 x - a +1 vampiric whip
 E - a +1 whip of electrocution
 I - a +0 whip of flaming
 K - a +1 vorpal long sword
 Z - a +1 broad axe of flaming
Missiles
 m - 7 boomerangs
 o - 339 stones
 U - 23 poisoned darts
Armour
 a - the +1 leather armour "Jaosah" (worn) {rC+ Str+4}
   (You found it on level 7 of the Dungeon)

   Str:       It affects your strength (+4).
   rC:        It protects you from cold.
 g - a +0 leather armour
 n - a +0 ring mail
 y - the cursed +2 pair of gloves "Enlightened Secrets" (worn) {infuse, Bglg, Evo}
   (You found it on level 3 of the Dungeon)

   It has a curse which improves the following skills: Beguiling: Conjurations,
   Hexes and Translocations.
   Evocations: Evocations.
 A - a +2 leather armour of cold resistance
 D - a +2 robe of willpower
 Y - +0 steam dragon scales
Magical Staves
 J - a staff of fire
 L - a staff of air
Jewellery
 G - the cursed ring of Ashenzari's Pragmatism (left hand) {Wiz, Alch, Fort}
   (You found it on level 5 of the Dungeon)

   [ring of wizardry]

   It improves your spell success rate.
   It has a curse which improves the following skills: Alchemy: Poison Magic and
   Transmutations.
   Fortitude: Armour and Shields.
 H - the cursed amulet "Share My Yoke" (around neck) {Reflect SH+5, Alch, Range}
   (You found it on level 5 of the Dungeon)

   [amulet of reflection]

   It reflects blocked missile attacks.
   SH:        It affects your SH (+5).
   It has a curse which improves the following skills: Alchemy: Poison Magic and
   Transmutations.
   Ranged Combat: Slings, Bows, Crossbows and Throwing.
Wands
 t - a wand of mindburst (3)
 P - a wand of flame (60)
 T - a wand of paralysis (2)
 W - a wand of charming (12) (quivered)
Scrolls
 d - a scroll of teleportation
 j - a scroll of noise
 l - a scroll of holy word
 p - 2 scrolls of vulnerability
 r - 2 scrolls of fog
 s - a scroll of immolation
 v - 13 scrolls of identify
 z - 4 scrolls of enchant armour
 S - a scroll of enchant weapon
 X - a scroll of magic mapping
Potions
 e - 2 potions of ambrosia
 f - 3 potions of brilliance
 i - 3 potions of magic
 w - 3 potions of curing
 B - 3 potions of lignification
 N - 5 potions of mutation
 Q - 3 potions of cancellation
 V - a potion of flight


   Skills:
 + Level 6.3 Fighting
 + Level 6.3(7.6) Short Blades
 + Level 6.3(7.6) Long Blades
 + Level 6.3(7.6) Axes
 + Level 6.3(7.6) Maces & Flails
 + Level 6.3(7.6) Polearms
 + Level 6.3(7.6) Staves
 + Level 6.3(8.2) Slings
 + Level 6.3(8.2) Bows
 + Level 6.3(8.2) Crossbows
 + Level 6.3(8.2) Throwing
 + Level 6.3(7.6) Armour
 + Level 7.9 Dodging
 + Level 7.7 Stealth
 + Level 6.3(7.6) Shields
 + Level 6.3(7.6) Unarmed Combat
 + Level 8.2 Spellcasting
 + Level 5.7(7.0) Conjurations
 + Level 5.2(6.4) Hexes
 + Level 5.2 Summonings
 + Level 5.2 Necromancy
 + Level 5.2(6.4) Translocations
 + Level 5.2(7.1) Transmutations
 + Level 7.7 Fire Magic
 + Level 5.2 Ice Magic
 + Level 5.2 Air Magic
 + Level 5.2 Earth Magic
 + Level 5.2(7.1) Poison Magic
 + Level 7.0 Invocations
 + Level 6.3(7.6) Evocations


You had 5 spell levels left.
You knew the following spells:

 Your Spells              Type           Power      Damage    Failure   Level
a - Foxfire               Conj/Fire      100%       2x1d9     1%          1
b - Scorch                Fire           62%        2d8       1%          2
c - Flame Wave            Conj/Fire      30%        2d8       2%          4
d - Confusing Touch       Hex            27%        N/A       1%          3
e - Blink                 Tloc           54%        N/A       1%          2
f - Slow                  Hex            100%       N/A       1%          1
g - Vampiric Draining     Necr           23%        2d7       1%          3
h - Manifold Assault      Tloc           27%        N/A       11%         5

Your spell library contained the following spells:

 Spells                   Type           Power      Damage    Failure   Level
 Conjure Flame            Conj/Fire      30%        6-21      1%          3
 Inner Flame              Hex/Fire       29%        N/A       1%          3
 Lesser Beckoning         Tloc           27%        N/A       1%          3


Dungeon Overview and Level Annotations

Branches:
Dungeon (9/15)             Temple (1/1) D:4            Lair (0/6) D:8
  Sewer (visited)
    Orc: D:9-12

Altars:
Ashenzari
Cheibriados
Fedhas
Gozag
Nemelex Xobeh
Okawaru

Shops:
D:1 [   D:4 ?*!   D:5 ?   D:8 ?

Annotations:
D:4 3 runed translucent doors, sirJeffrey23's ghost, amateur DsMo
D:5 3 runed translucent doors, spaghetti's ghost, weakling DsDe


Innate Abilities, Weirdness & Mutations

You have very sharp teeth.
Your uncanny sense of smell can sniff out nearby items.
Your experience applies equally to all skills.


Message History

Aiming: Vampiric Draining (safe; 1% risk of failure)
Press: ? - help, Shift-Dir - straight line, f - deep elf pyromancer
Aim: a deep elf pyromancer, wielding a +0 long sword (heavily wounded, more vulnerable to fire, chance to confuse on hit: 40%)
You draw life force from the deep elf pyromancer!
You feel life coursing into your body.
You are covered in liquid flames!
* * * LOW HITPOINT WARNING * * *
The fire elemental closely misses you.
You block the deep elf pyromancer's attack.
You barely miss the deep elf pyromancer.
You bite the deep elf pyromancer.
The deep elf pyromancer is almost dead.
You hit the fire elemental but do no damage.
The fire elemental is completely immune to your confusing touch!
You are covered in liquid flames!
* * * LOW HITPOINT WARNING * * *
Your hands stop glowing.
You are no longer on fire.
The deep elf pyromancer is no longer more vulnerable to fire.
The fire elemental misses you.
The deep elf pyromancer hits you with a +0 long sword.
* * * LOW HITPOINT WARNING * * *
Okay, then.
Okay, then.
Drinking this now will have no effect.
Aiming: Charm
Press: ? - help, Shift-Dir - straight line, f/p - deep elf pyromancer
Aim: a deep elf pyromancer, wielding a +0 long sword (almost dead, chance to affect: 50%)
Okay, then.
Casting: Vampiric Draining (safe; 1% risk of failure)
Confirm with . or Enter, or press ? or * to list all spells.
Flames lash the fire elemental.
The fire elemental completely resists.
The fire elemental closely misses you.
The deep elf pyromancer barely misses you.
The fire elemental completely misses you.
You miss the deep elf pyromancer.
Your bite misses the deep elf pyromancer.
The deep elf pyromancer is almost dead.
You hit the fire elemental. You block the fire elemental's attack.
The deep elf pyromancer hits you with a +0 long sword.
You die...

..#.. ..#.# #)).#####
###.##o##.# #.)....#
*,...o. ..#########
##.....# * ##.#.
#.#.......# #.##### *
*... #.#.......# #.# #
..,∆ #.......## #.# * *
#........# #.###### ,
######.#.##### #.......
* * #@e........######. ,
* * #....E..#####. #. ,
#####.### #. #. *.., #.
#. , * , ### * #. #. **
* #. #. *, * * #.
*##############.######.
,,...............##.....


You could see a deep elf pyromancer and a fire elemental (summoned).

Vanquished Creatures
  A centaur warrior (D:9)
  Maggie (D:9)
  A komodo dragon (D:8)
  A steam dragon (D:8)
  3 water moccasins
  An ice beast (D:6)
  2 orc warriors
  5 sky beasts
  A black bear (D:6)
  2 ogres (D:6)
  2 centaurs
  A kobold brigand (D:7)
  4 bullfrogs
  7 scorpions
  A gnoll sergeant (D:7)
  A wight (D:7)
  A killer bee (D:7)
  4 howler monkeys
  3 orc priests
  6 hounds
  2 jellies
  3 gnoll shamans
  2 iguanas
  6 orc wizards
  9 gnolls
  19 adders
  4 river rats (Sewer)
  3 white imps
  2 ufetubi (D:6)
  2 worms (D:2)
  5 dart slugs
  29 orcs
  12 endoplasms
  8 giant cockroaches
  9 goblins
  5 hobgoblins
  A jackal (D:2)
  3 quokkas
  23 ball pythons
  6 bats
  5 frilled lizards
  19 kobolds
  29 rats
254 creatures vanquished.

Vanquished Creatures (collateral kills)
  4 foxfires (D:8)
4 creatures vanquished.

Vanquished Creatures (others)
  A kobold brigand (D:7)
  374 foxfires
  2 fungi (D:5)
  10 plants
387 creatures vanquished.

Grand Total: 645 creatures vanquished

Notes
Turn   | Place    | Note
-------+----------+-------------------------------------------
     0 | D:1      | croobank the Gnoll Fire Elementalist began the quest for
                  | the Orb.
     0 | D:1      | Reached XP level 1. HP: 13/13 MP: 6/6
   173 | D:1      | Found Awurphopa's Armour Emporium.
   617 | D:1      | Reached XP level 2. HP: 19/19 MP: 5/7
   621 | D:1      | Learned a level 2 spell: Scorch
   960 | D:2      | Reached XP level 3. HP: 25/25 MP: 0/9
  1102 | D:2      | Reached skill level 5 in Spellcasting
  1260 | D:2      | Reached skill level 1 in Invocations
  1443 | D:2      | Found a faded altar of an unknown god.
  1477 | D:2      | Reached skill level 1 in Fighting
  1477 | D:2      | Reached skill level 1 in Short Blades
  1477 | D:2      | Reached skill level 1 in Long Blades
  1477 | D:2      | Reached skill level 1 in Axes
  1477 | D:2      | Reached skill level 1 in Maces & Flails
  1477 | D:2      | Reached skill level 1 in Polearms
  1477 | D:2      | Reached skill level 1 in Staves
  1477 | D:2      | Reached skill level 1 in Slings
  1477 | D:2      | Reached skill level 1 in Bows
  1477 | D:2      | Reached skill level 1 in Crossbows
  1477 | D:2      | Reached skill level 1 in Throwing
  1477 | D:2      | Reached skill level 1 in Armour
  1477 | D:2      | Reached skill level 1 in Shields
  1477 | D:2      | Reached skill level 1 in Unarmed Combat
  1477 | D:2      | Reached skill level 1 in Evocations
  1640 | D:2      | Reached XP level 4. HP: 26/32 MP: 6/11
  1975 | D:2      | You fall into a shaft and drop 2 floors!
  1985 | D:4      | Reached skill level 1 in Hexes
  1985 | D:4      | Reached skill level 1 in Summonings
  1985 | D:4      | Reached skill level 1 in Necromancy
  1985 | D:4      | Reached skill level 1 in Translocations
  1985 | D:4      | Reached skill level 1 in Transmutations
  1985 | D:4      | Reached skill level 1 in Ice Magic
  1985 | D:4      | Reached skill level 1 in Air Magic
  1985 | D:4      | Reached skill level 1 in Earth Magic
  1985 | D:4      | Reached skill level 1 in Poison Magic
  2002 | D:4      | Found a staircase to the Ecumenical Temple.
  2016 | Temple   | Entered the Ecumenical Temple
  2024 | Temple   | Became a worshipper of Ashenzari the Shackled
  2100 | D:4      | Reached XP level 5. HP: 35/37 MP: 4/12
  2248 | D:4      | Found a runed translucent gate.
  2249 | D:4      | Found a runed translucent gate.
  2250 | D:4      | Found a runed translucent gate.
  2252 | D:4      | Noticed sirJeffrey23's ghost (amateur DsMo)
  2325 | D:4      | Found Appunn's Distillery.
  2333 | D:4      | Bought a potion of heal wounds for 55 gold pieces
  2333 | D:4      | Bought a potion of heal wounds for 55 gold pieces
  2402 | D:4      | Found Taimakk's Magic Scroll Shop.
  2502 | D:4      | Found Ebbia's Assorted Antiques.
  2607 | D:4      | Reached XP level 6. HP: 16/44 MP: 1/13
  2828 | D:3      | Found an opulent altar of Gozag.
  3196 | D:3      | Reached skill level 5 in Dodging
  3465 | D:3      | Learned a level 4 spell: Flame Wave
  3527 | D:3      | Learned a level 3 spell: Confusing Touch
  4054 | D:4      | Reached * piety under Ashenzari
  4151 | D:4      | Found Apauxkamm's Assorted Antiques.
  4704 | D:5      | Entered Level 5 of the Dungeon
  4794 | D:5      | Noticed a sky beast
  4801 | D:5      | Reached XP level 7. HP: 40/50 MP: 6/15
  4966 | D:5      | Reached ** piety under Ashenzari
  5317 | D:5      | Learned a level 2 spell: Blink
  5319 | D:5      | Learned a level 1 spell: Slow
  5337 | D:5      | Reached skill level 5 in Stealth
  5487 | D:5      | Found Tierixt's Magic Scroll Shoppe.
  5508 | D:5      | Reached XP level 8. HP: 60/60 MP: 12/18
  5845 | D:5      | Found a runed translucent gate.
  5845 | D:5      | Found a runed translucent gate.
  5846 | D:5      | Found a runed translucent gate.
  5849 | D:5      | Noticed spaghetti's ghost (weakling DsDe)
  5882 | D:5      | Learned a level 3 spell: Vampiric Draining
  6447 | D:6      | Reached skill level 6 in Spellcasting
  6540 | D:6      | Found a glowing drain.
  6670 | Sewer    | Entered a sewer
  7579 | D:6      | Reached *** piety under Ashenzari
  7603 | D:6      | Reached XP level 9. HP: 68/68 MP: 14/21
  8792 | D:7      | Reached **** piety under Ashenzari
  9237 | D:7      | Reached skill level 5 in Invocations
  9259 | D:7      | Reached skill level 7 in Spellcasting
  9259 | D:7      | Reached skill level 5 in Conjurations
  9259 | D:7      | Reached skill level 5 in Hexes
  9259 | D:7      | Reached skill level 5 in Summonings
  9259 | D:7      | Reached skill level 5 in Necromancy
  9259 | D:7      | Reached skill level 5 in Translocations
  9259 | D:7      | Reached skill level 5 in Transmutations
  9259 | D:7      | Reached skill level 5 in Ice Magic
  9259 | D:7      | Reached skill level 5 in Air Magic
  9259 | D:7      | Reached skill level 5 in Earth Magic
  9259 | D:7      | Reached skill level 5 in Poison Magic
  9259 | D:7      | Reached XP level 10. HP: 49/80 MP: 0/23
  9774 | D:7      | Reached skill level 8 in Spellcasting
 10014 | D:7      | Identified the +1 leather armour "Jaosah" {rC+ Str+4}
 10025 | D:7      | Learned a level 5 spell: Manifold Assault
 10332 | D:8      | Found a staircase to the Lair.
 10665 | D:8      | Reached XP level 11. HP: 25/86 MP: 16/24
 11037 | D:8      | Found Ejetorgh's Magic Scroll Shop.
 11377 | D:9      | Noticed Maggie
 11394 | D:9      | Killed Maggie
 11626 | D:9      | Noticed a centaur warrior
 11644 | D:9      | Killed a centaur warrior
 11644 | D:9      | Noticed a boulder beetle
 11697 | D:9      | HP: 3/82 [orc warrior/+0 hand axe (11)]
 11964 | D:9      | Noticed a deep elf pyromancer
 11976 | D:9      | HP: 2/82 [deep elf pyromancer/+0 long sword (6)]
 11978 | D:9      | Slain by a deep elf pyromancer

Illustrated notes

Levels and vault maps discovered:
D:1:      ncdulo_smallfort, layout_basic, serial_shops,
          nicolae_shop_window_shopping
D:2:      minmay_razor_zed, layout_rooms, shapermc_ecumenical_altar_hornbeckon
D:3:      minmay_octagon_keep, layout_basic,
          mainiacjoe_overflow_small_starburst, minmay_randomly_rotated_circles
D:4:      layout_gridville, minmay_temple_entry_offerings, serial_shops,
          shop_fountains, nicolae_shop_crystal, nicolae_square_shop, shop,
          gammafunk_ghost_necromancy
D:5:      layout_basic, serial_shops, shop_statue,
          gammafunk_ghost_nasty_kobolds, chequers_serial_rivers_small_3
D:6:      layout_basic, portal_sewer_entry_f, mrwooster_statue_mirror,
          lemuel_another_geyser
D:7:      kennysheep_six_static_rooms, layout_loops_cross,
          kennysheep_small_circle
D:8:      layout_rooms, david_lair_shrubbed, serial_shops,
          nicolae_shop_statue_plus
D:9:      layout_basic, uniq_pikel, uniq_maggie
Temple:   nicolae_temple_the_god_donut

Skill      XL: |  1  2  3  4  5  6  7  8  9 10 11 |
---------------+----------------------------------+-----
Conjurations   | 2 3 5 |  5.7
Spellcasting   | 5 6 7 8 |  8.2
Invocations    | 1 2 3 4 6 7 |  7.0
Fighting       | 1 2 3 6 |  6.3
Short Blades   | 1 2 3 6 |  6.3
Long Blades    | 1 2 3 6 |  6.3
Axes           | 1 2 3 6 |  6.3
Maces & Flails | 1 2 3 6 |  6.3
Polearms       | 1 2 3 6 |  6.3
Staves         | 1 2 3 6 |  6.3
Slings         | 1 2 3 6 |  6.3
Bows           | 1 2 3 6 |  6.3
Crossbows      | 1 2 3 6 |  6.3
Throwing       | 1 2 3 6 |  6.3
Armour         | 1 2 3 6 |  6.3
Shields        | 1 2 3 6 |  6.3
Unarmed Combat | 1 2 3 6 |  6.3
Evocations     | 1 2 3 6 |  6.3
Hexes          | 1 2 3 5 |  5.2
Summonings     | 1 2 3 5 |  5.2
Necromancy     | 1 2 3 5 |  5.2
Translocations | 1 2 3 5 |  5.2
Transmutations | 1 2 3 5 |  5.2
Ice Magic      | 1 2 3 5 |  5.2
Air Magic      | 1 2 3 5 |  5.2
Earth Magic    | 1 2 3 5 |  5.2
Poison Magic   | 1 2 3 5 |  5.2
Dodging        | 5 6 7 |  7.9
Stealth        | 5 7 |  7.7
Fire Magic     | 6 7 |  7.7

Action                   |  1- 3 |  4- 6 |  7- 9 | 10-12 || total
-------------------------+-------+-------+-------+-------++-------
Melee: Hand axe          |     2 |       |       |       ||     2
       War axe           |     1 |    30 |    82 |    56 ||   169
       Bite              |       |     3 |     6 |     7 ||    16
       Punch             |       |     1 |     4 |     3 ||     8
 Cast: Foxfire           |    38 |    65 |    97 |    21 ||   221
       Scorch            |     9 |    43 |    97 |    49 ||   198
       Flame Wave        |       |     1 |     2 |     2 ||     5
       Confusing Touch   |       |       |     1 |     2 ||     3
       Slow              |       |       |       |     3 ||     3
       Vampiric Draining |       |       |       |     1 ||     1
Invok: Curse Item        |       |     2 |     4 |       ||     6
       Shatter the Chain |       |       |       |     2 ||     2
  Use: Scroll            |       |     4 |       |     7 ||    11
       Potion            |       |     1 |     6 |     7 ||    14
 Stab: Confused          |       |       |     2 |       ||     2
       Sleeping          |       |       |       |     1 ||     1
Armor: Robe              |     1 |    14 |    32 |     4 ||    51
       Leather armour    |       |       |       |    17 ||    17
Dodge: Dodged            |     7 |    44 |   115 |    44 ||   210
Block: Other             |       |       |    25 |    28 ||    53
       Reflection        |       |       |     1 |     2 ||     3

Table legend: (Time is in decaauts)
 A = Elapsed time spent in this place.
 B = Non-inter-level travel time spent in this place.
 C = Inter-level travel time spent in this place.
 D = Time resting spent in this place.
 E = Time spent auto-exploring this place.
 F = Levels seen in this place.
 G = Mean time per level.
                   A        B        C        D        E       F      G
               +--------+--------+--------+--------+--------+-----+--------+
         Total |  12071 |  11818 |    253 |   1534 |   8222 |  11 | 1097.4 |
       Dungeon |  11252 |  11006 |    246 |   1326 |   7812 |   9 | 1250.2 |
        Temple |     15 |      8 |      7 |      0 |      1 |   1 |   15.0 |
         Sewer |    803 |    803 |      0 |    208 |    408 |   1 |  803.0 |
               +--------+--------+--------+--------+--------+-----+--------+

Top non-repeatable levels by time:
     D:7: 1995 daAuts
     D:5: 1709 daAuts
     D:3: 1402 daAuts
     D:4: 1323 daAuts
     D:2: 1042 daAuts
     D:6: 1010 daAuts
     D:8: 980 daAuts
     D:1: 935 daAuts
     D:9: 852 daAuts
   Sewer: 803 daAuts
  Temple: 15 daAuts
